 Dungeon Crawl Stone Soup version 0.28.0-45-g0d030f2227 (webtiles) character file.

Game seed: 1500105558382502510

548 issech the Skirmisher (level 7, -16/68 HPs)
             Began as a Troll Monk on Apr 19, 2022.
             Demolished by an ogre
             ... wielding a +0 giant spiked club
              (33 damage)
             ... on level 5 of the Dungeon.
             The game lasted 00:13:07 (4184 turns).

issech the Skirmisher (Troll Monk)                  Turns: 4184, Time: 00:13:08

Health: -16/68     AC:  4    Str: 20    XL:     7   Next: 7%
Magic:  6/6        EV: 10    Int:  6    God:
Gold:   201        SH:  5    Dex: 14    Spells: 6/6 levels left

rFire   . . .      SeeInvis .   G - +0 giant spiked club
rCold   . . .      Faith    .   (shield currently unavailable)
rNeg    . . .      Spirit   .   b - +0 robe
rPois   .          Reflect  +   (helmet restricted)
rElec   .          Harm     .   (no cloak)
rCorr   .          Rampage  .   (gloves unavailable)
Will    +....                   (boots unavailable)
Stlth   ++........              f - amulet of reflection
HPRegen 1.01/turn               l - ring of willpower
MPRegen 0.10/turn               (no ring)

@: studying Summonings
A: large, unfitting armour, claws 3, regeneration 1, shaggy fur 1, tough skin 1
a: no special abilities


You were on level 5 of the Dungeon.
You visited 2 branches of the dungeon, and saw 6 of its levels.

You collected 201 gold pieces.

Inventory:

Hand Weapons
 a - a +0 mace
 t - a +1 hunting sling of flaming
 w - a +0 flail
 E - a +0 giant club
 G - a +0 giant spiked club (weapon)
Missiles
 c - 111 stones (quivered)
 q - 25 bolts
 r - 50 sling bullets
 z - 36 arrows
Armour
 b - a +0 robe (worn)
 D - the +18 Lear's hauberk
   (You found it on level 4 of the Dungeon)
Jewellery
 f - an amulet of reflection (around neck)
 l - a ring of willpower (left claw)
Wands
 u - a wand of polymorph (5)
 y - a wand of acid (10)
Scrolls
 e - 2 scrolls of enchant weapon {unknown}
 g - 4 scrolls of vulnerability {unknown}
 k - 3 scrolls of identify {unknown}
 o - a scroll of blinking {unknown}
 s - a scroll of brand weapon {unknown}
 v - a scroll of enchant armour {unknown}
 x - 2 scrolls of holy word {unknown}
 F - a scroll of immolation {unknown}
Potions
 d - 2 potions of flight {unknown}
 h - 3 potions of degeneration {unknown}
 i - a potion of ambrosia {unknown}
 j - a potion of resistance {unknown}
 m - a potion of heal wounds {unknown}
 n - 2 potions of lignification {unknown}
 p - a potion of brilliance {unknown}
 A - 2 potions of magic {unknown}
 B - 3 potions of curing {unknown}
 C - a potion of might {unknown}


   Skills:
 + Level 3.7 Fighting
 + Level 3.3 Maces & Flails
 + Level 3.6 Slings
 + Level 2.9 Dodging
 + Level 1.2 Stealth
 + Level 1.0 Shields


You had 6 spell levels left.
You didn't know any spells.
Your spell library contained the following spells:

 Spells                   Type           Power      Damage    Failure   Level
 Animate Skeleton         Necr           0%         N/A       45%         1
 Pain                     Necr           0%         1d4       45%         1
 Summon Guardian Golem    Hex/Summ       0%         N/A       83%         3
 Vampiric Draining        Necr           0%         2d6       83%         3
 Orb of Destruction       Conj           0%         9d5       100%        7
 Spellforged Servitor     Conj/Summ      0%         N/A       100%        7


Dungeon Overview and Level Annotations

Branches:
Dungeon (5/15)             Temple (1/1) D:4

Altars:
Ashenzari
Cheibriados
Elyvilon
Gozag
Okawaru
Sif Muna
Uskayaw
Wu Jian
Yredelemnul
Zin
The Shining One

Shops:
D:3 [


Innate Abilities, Weirdness & Mutations

You are too large for most types of armour.
You have claws for hands.
Your natural rate of healing is unusually fast.
You are covered in fur. (AC +1)
You have tough skin. (AC +1)


Message History

You kill the hound!
HP restored.
c - 114 stones (gained 1)
c - 115 stones (gained 1)
You see here an adder corpse.
c - 116 stones (gained 1)
r - 30 sling bullets (gained 14)
r - 50 sling bullets (gained 20)
g - 4 scrolls labelled ZUFREKOBRU (gained 1)
You now have 201 gold pieces (gained 10).
An ogre comes into view. It is wielding a +0 giant spiked club.
The ogre shouts!
You throw a stone. The stone barely misses the ogre.
You throw a stone. The stone hits the ogre.
The ogre is lightly wounded.
You throw a stone. The stone hits the ogre.
The ogre is lightly wounded.
You throw a stone. The stone hits the ogre.
The ogre is lightly wounded.
You throw a stone.
The stone hits the ogre but does no damage.
The ogre is lightly wounded.
You barely miss the ogre.
The ogre is lightly wounded.
The ogre hits you with a +0 giant spiked club!
You hit the ogre.
The ogre is moderately wounded.
The ogre closely misses you. You block the ogre's attack.
You hit the ogre but do no damage.
The ogre is moderately wounded.
The ogre hits you with a +0 giant spiked club!
You barely miss the ogre.
The ogre is moderately wounded.
The ogre hits you with a +0 giant spiked club!!
You thump the ogre!
The ogre is heavily wounded.
The ogre hits you with a +0 giant spiked club!
* * * LOW HITPOINT WARNING * * *
The ogre hits you with a +0 giant spiked club!!
You die...

................... ##
#..#................
..#..###..............
.####.#..# #..............
.........###............†.
........................<
.. ............#..........
....#.##.......#..........
..(.((((O@.......#........
....#.#..........##.......
. .. #...###....###......
#.. #...###....##.......
#. #...##.....##....... #
#....#......# #.
+....#....#.#
#.#..#....#.#
#.#..#....#..


You could see an ogre.

Vanquished Creatures
  A black bear (D:4)
  3 ogres (D:4)
  A bullfrog zombie (D:5)
  A hound (D:5)
  2 iguanas (D:4)
  2 adders
  An ufetubus (D:4)
  An adder skeleton (D:4)
  3 worms
  4 endoplasms
  7 giant cockroaches
  4 goblins
  4 hobgoblins
  8 kobolds
  3 quokkas
  5 ball pythons
  6 bats
  4 frilled lizards
  A jackal skeleton (D:4)
  A rat (D:1)
62 creatures vanquished.

Vanquished Creatures (others)
  A plant (D:3)
1 creature vanquished.

Grand Total: 63 creatures vanquished

Notes
Turn   | Place    | Note
-------+----------+-------------------------------------------
     0 | D:1      | issech the Troll Monk began the quest for the Orb.
     0 | D:1      | Reached XP level 1. HP: 22/22 MP: 0/0
   211 | D:1      | Found Xoocw's Antique Armour Shoppe.
   376 | D:1      | Reached XP level 2. HP: 26/29 MP: 1/1
  2099 | D:3      | Reached XP level 3. HP: 36/36 MP: 2/2
  2099 | D:3      | Found Bomaj's Antique Armour Boutique.
  2745 | D:4      | Found a staircase to the Ecumenical Temple.
  2756 | Temple   | Entered the Ecumenical Temple
  2833 | D:4      | Found the +18 Lear's hauberk
  2849 | D:4      | Found a snail-covered altar of Cheibriados.
  3068 | D:4      | Reached skill level 1 in Slings
  3068 | D:4      | Reached XP level 4. HP: 45/45 MP: 3/3
  3070 | D:4      | Noticed an ogre
  3289 | D:4      | Killed an ogre
  3290 | D:4      | Reached XP level 5. HP: 53/53 MP: 4/4
  3435 | D:4      | Noticed a black bear
  3511 | D:4      | Noticed an ogre
  3549 | D:4      | Killed an ogre
  3550 | D:4      | Reached XP level 6. HP: 46/61 MP: 5/5
  3585 | D:4      | Reached skill level 1 in Shields
  3910 | D:4      | Identified the +0 leather armour "Ohuf" {rElec rPois Int+4
                  | SInv}
  4083 | D:5      | Entered Level 5 of the Dungeon
  4102 | D:5      | Reached XP level 7. HP: 52/68 MP: 6/6
  4184 | D:5      | Demolished by an ogre

Illustrated notes

Levels and vault maps discovered:
D:1:      zaba_arrival_water, layout_basic, serial_shops, shop,
          minmay_misc_feat_nine_boxes, minmay_tromino_v4_b
D:2:      layout_basic
D:3:      layout_loops_ring, serial_shops, nicolae_shop_overgrown_old_shop
D:4:      layout_loops_ring, mainiacjoe_overflow_chevrons,
          minmay_temple_entry_statues_pillars, serial_co_window_serial,
          co_window_corner_a, co_window_paths_a, co_window_cross_1,
          co_window_paths_a, co_window_paths_a, co_window_paths_a,
          co_window_corner_a, co_window_corner_a, co_window_paths_b,
          co_window_corner_b, co_window_unsneaky_path_e,
          co_window_of_opportunity_c, co_window_broadway_b, co_window_corner_cb
D:5:      kennysheep_windowed_halls, layout_basic,
          grunt_temple_overflow_forces_of_nature, overflow_temple_1_default,
          vehumet_crystals
Temple:   eino_wide_crystal_templ

Skill      XL: |  1  2  3  4  5  6 |
---------------+-------------------+-----
Maces & Flails | 3 |  3.3
Fighting       | 3 |  3.7
Slings         | 1 2 3 |  3.6
Shields        | 1 |  1.0
Dodging        | |  2.9
Stealth        | |  1.2

Action                   |  1- 3 |  4- 6 |  7- 9 || total
-------------------------+-------+-------+-------++-------
Melee: Mace              |    79 |       |       ||    79
       Hunting sling     |     1 |       |       ||     1
       Punch             |     1 |       |       ||     1
       Giant spiked club |       |    10 |     6 ||    16
 Fire: Hunting sling     |    56 |    55 |       ||   111
Throw: Stone             |       |       |     5 ||     5
 Stab: Sleeping          |     1 |       |       ||     1
Armor: Robe              |    40 |    11 |       ||    51
Dodge: Dodged            |    67 |    23 |     1 ||    91
Block: Other             |    31 |     9 |     1 ||    41
       Reflection        |     1 |       |       ||     1
